 Dungeon Crawl Stone Soup version 0.27-a0-1312-g5cdb2b3542 (webtiles) character file.

Game seed: 3030098168700509093

20170 Sobieck the Nimble (level 12, -9/64 HPs)
             Began as a Spriggan Berserker on June 19, 2021.
             Was a High Priest of Trog.
             Mangled by a very large slime creature (38 damage)
             ... on level 13 of the Dungeon.
             The game lasted 00:38:03 (13123 turns).

Sobieck the Nimble (Spriggan Berserker)            Turns: 13123, Time: 00:38:03

Health: -9/64      AC: 14    Str: 17    XL:     12   Next: 43%
Magic:  13/13      EV: 20    Int:  9    God:    Trog [*****.]
Gold:   767        SH:  8    Dex: 15    Spells: 11/11 levels left

rFire    + + .     SeeInvis +   b - +2 hand crossbow (flame) {crossbow}
rCold    x . .     Faith    .   c - +0 buckler of Risosec {rPois Regen+}
rNeg     . . .     Spirit   .   H - +0 fire dragon scales
rPois    +         Reflect  .   (helmet restricted)
rElec    .         Harm     .   Q - +1 cloak
rCorr    .         Rampage  .   (gloves unavailable)
Will     +++..                  (boots unavailable)
Stlth    ++........             u - amulet of regeneration {@e2}
HPRegen  2.20/turn              C - ring of willpower
MPRegen  0.13/turn              v - +4 ring of protection

@: on berserk cooldown, slowed, quick
A: very small, no large weapons, unfitting armour, see invisible, speed 3
a: Renounce Religion, Berserk, Trog's Hand, Brothers in Arms


You were on level 13 of the Dungeon.
You worshipped Trog.
Trog was extremely pleased with you.
You visited 1 branch of the dungeon, and saw 14 of its levels.

You collected 767 gold pieces.


Innate Abilities, Weirdness & Mutations

You are very small and have problems with some larger weapons.
You are too small for most types of armour.
You have supernaturally acute eyesight. (SInv)
You cover ground extremely quickly. (Speed+++)


   Skills:
 - Level 8.0 Fighting
 + Level 10.3 Long Blades
 - Level 14.0 Dodging
 - Level 6.0 Stealth
 - Level 7.2 Shields


You had 11 spell levels left.
You didn't know any spells.
Your spell library contained the following spells:

 Spells                   Type           Power      Damage    Failure   Level
 Beastly Appendage        Tmut           0%         N/A       88%         1
 Corona                   Hex            0%         N/A       88%         1
 Magic Dart               Conj           0%         1d3       88%         1
 Blink                    Tloc           N/A        N/A       96%         2
 Call Imp                 Summ           0%         N/A       96%         2
 Poisonous Vapours        Pois/Air       0%         N/A       96%         2
 Slow                     Hex            0%         N/A       96%         2
 Wereblood                Tmut           0%         N/A       96%         2
 Conjure Flame            Conj/Fire      0%         6-21      99%         3
 Inner Flame              Hex/Fire       0%         N/A       99%         3
 Mephitic Cloud           Conj/Pois/Air  0%         N/A       99%         3
 Portal Projectile        Hex/Tloc       0%         N/A       99%         3
 Spider Form              Tmut/Pois      0%         N/A       99%         3
 Summon Guardian Golem    Hex/Summ       0%         N/A       99%         3
 Cause Fear               Hex            0%         N/A       100%        4
 Ice Form                 Ice/Tmut       0%         N/A       100%        4
 Leda's Liquefaction      Hex/Erth       0%         N/A       100%        4
 Freezing Cloud           Conj/Ice/Air   0%         6-21      100%        5
 Silence                  Hex/Air        0%         N/A       100%        5
 Summon Forest            Summ/Tloc      0%         N/A       100%        5
 Summon Mana Viper        Hex/Summ       0%         N/A       100%        5
 Yara's Violent Unravell  Hex/Tmut       0%         3d3       100%        5
 Discord                  Hex            0%         N/A       100%        8

Inventory:

Hand Weapons
 a - a +2 falchion of electrocution {long}
 b - a +2 hand crossbow of flaming (weapon) {crossbow}
   (You took it off a kobold on level 10 of the Dungeon)
 x - a +1 mace of venom {mace}
   (You took it off an orc on level 5 of the Dungeon)
 y - a +0 vorpal mace {mace}
   (You took it off an orc priest on level 5 of the Dungeon)
 D - a +3 scimitar of flaming {long}
   (You took it off an efreet on level 12 of the Dungeon)
 E - a +0 dagger of protection {short}
   (You took it off an orc on level 7 of the Dungeon)
 J - a +0 morningstar of holy wrath {mace}
   (You found it on level 9 of the Dungeon)
 O - a +0 hunting sling {sling}
   (You took it off a goblin on level 2 of the Dungeon)
 U - a +2 vorpal scimitar {long}
   (Trog gifted it to you on level 10 of the Dungeon)
Missiles
 f - 392 stones {throwing}
 k - a throwing net {=f!fthrowing}
 l - 104 sling bullets
 r - 22 arrows
 s - 132 bolts (quivered ammo)
 A - 23 poisoned darts {throwing}
 L - a curare-tipped dart {=fthrowing}
Armour
 c - the +0 buckler of Risosec (worn) {rPois Regen+}
   (You acquired it on level 1 of the Dungeon)

   It protects you from poison.
   It increases your rate of health regeneration.
 z - a +0 crystal plate armour {rare=g}
   (You found it on level 12 of the Dungeon)
 H - +0 fire dragon scales (worn)
   (You found it on level 9 of the Dungeon)
 Q - a +1 cloak (worn)
   (You found it on level 10 of the Dungeon)
Jewellery
 p - a ring of fire
   (You found it on level 12 of the Dungeon)
 u - an amulet of regeneration (around neck) {@e2}
   (You found it on level 5 of the Dungeon)
 v - a +4 ring of protection (right hand)
   (You found it on level 12 of the Dungeon)
 C - a ring of willpower (left hand)
   (You found it on level 6 of the Dungeon)
 M - a ring of poison resistance
   (You found it on level 9 of the Dungeon)
Wands
 i - a wand of flame (63)
   (You took it off Robin on level 2 of the Dungeon)
 o - a wand of acid (4)
   (You found it on level 4 of the Dungeon)
 G - a wand of digging (4)
   (You found it on level 7 of the Dungeon)
 N - a wand of paralysis (10)
   (You found it on level 9 of the Dungeon)
Scrolls
 e - a scroll of holy word
 q - 3 scrolls of teleportation {@r4}
 B - a scroll of magic mapping {!r}
 F - a scroll of vulnerability {!r!r}
 K - a scroll of blinking {!r}
Potions
 d - a potion of haste {@q3}
 g - 6 potions of flight
 h - 4 potions of curing {@q1}
 j - a potion of invisibility
 m - 3 potions of lignification {!q}
 n - 3 potions of mutation {!q}
 t - a potion of berserk rage {!q}
 w - 2 potions of attraction {!q}
 I - a potion of might
 R - 3 potions of heal wounds {@q2}
Miscellaneous
 S - a box of beasts
   (You found it on level 10 of the Dungeon)

Dungeon Overview and Level Annotations

Branches:
Dungeon (14/15)            Temple (0/1) D:4            Lair (0/6) D:9
    Orc (0/2) D:10
 Vaults: D:13-14

Altars:
Ashenzari
Cheibriados
Elyvilon
Gozag
Kikubaaqudgha
Makhleb
Okawaru
Uskayaw
The Shining One

Shops:
D:5 [   D:9 **

Annotations:
D:6 2 transporters, leviel's ghost, amateur DrFi
D:8 exclusion: 2 downstairs
D:9 exclusion: downstairs
D:10 2 runed translucent doors, robertstho's ghost, journeyman GnIE
D:12 exclusion: downstairs

# #J# #.# #J#####
#(#...# #...#.#
###...# #####.## ###
#...#J# ..# #.#.@.#
#.# #...### ..# # #
##.## ..# #.#.
#.########### #.#
.... #○.[........##
.# #..##..#####.....#
.. #.(..##........#
##
#..###.##.##.^.(....#
#. #[## #.....##>#


You could see a very large slime creature.


Message History

The slime creature barely misses you.
You hit the slime creature but do no damage.
The slime creature hits you!
Two slime creatures merge to form a very large slime creature. 😕 HP[-7]
You take 7 damage, and now have 57/64 hp.
You hit the very large slime creature.
Lightning courses through the very large slime creature! 😕 HP[+2]
You regained 2 hp, and now have 59/64 hp. 😕 HP[+2]
You regained 2 hp, and now have 61/64 hp.
Two slime creatures merge to form an enormous slime creature. 😕 HP[+1] 😕 HP[+1] 😎 HP[+1]
Your hp is fully restored (64).
The slime creature quivers. x2
A red film seems to cover your vision as you go berserk!
You feel yourself moving faster!
You feel mighty!
You block the large slime creature's attack. 😎 HP[+32]
You now have 96 max hp (+32).
Your hp is fully restored (96).
You slash the large slime creature!
Lightning courses through the large slime creature!
Two slime creatures merge to form a very large slime creature.
You slash the very large slime creature!
You slash the very large slime creature!
You barely miss the very large slime creature.
The very large slime creature quivers.
You hit the very large slime creature.
The very large slime creature barely misses you.
You barely miss the very large slime creature.
You slash the very large slime creature!
Lightning courses through the very large slime creature!
The very large slime creature closely misses you.
You hit the very large slime creature.
Lightning courses through the very large slime creature!
You hit the very large slime creature. The very large slime creature hits you.
Two slime creatures merge to form an enormous slime creature. 😕 HP[-5]
You take 5 damage, and now have 91/96 hp.
You slash the very large slime creature! 😕 HP[+1]
You barely miss the very large slime creature.
The very large slime creature hits you!!! 😮 HP[-41]
You take 41 damage, and now have 51/96 hp.
MASSIVE DAMAGE!! (PAUSE)
You slash the very large slime creature!
The very large slime creature barely misses you. 😮 HP[+1]
You hit the very large slime creature. 😮 HP[+1]
You slice the very large slime creature!!
The very large slime creature hits you!!!
* * * LOW HITPOINT WARNING * * *
😱 HP[-39]
You take 39 damage, and now have 14/96 hp.
MASSIVE DAMAGE!! (PAUSE)
You feel a strong urge to attack something. 😱 HP[+1] 😱 HP[+1]
You feel your anger nearly subside.
You are no longer berserk.
You are exhausted.
You feel yourself slow down. 😱 HP[-5]
You now have 64 max hp (-32). 😱 HP[+2]
You regained 2 hp, and now have 13/64 hp. 😱 HP[+2]
You regained 2 hp, and now have 15/64 hp.
Your +2 falchion of electrocution {long} stops crackling.
Your +2 hand crossbow of flaming {crossbow} bursts into flame!
b - a +2 hand crossbow of flaming (weapon)
{crossbow} 😨 HP[+2]
You regained 2 hp, and now have 17/64 hp.
You are too injured to fight recklessly!
Fire: 133 bolts
Press: ? - help, Q - select action, (/) - cycle Shift-Dir - straight line, f - very large slime creature
Aim: a very large slime creature (severely wounded, 85% to hit)
You shoot a bolt.
The bolt hits the very large slime creature!
The bolt burns the very large slime creature. 😨 HP[+5]
You regained 5 hp, and now have 22/64 hp.
Fire: 132 bolts
Press: ? - help, Q - select action, (/) - cycle Shift-Dir - straight line, f/p - very large slime creature
Aim: a very large slime creature (almost dead, 85% to hit)
Okay, then.
Things that are here:
2 large rocks {=fthrowing}; a cyclops skeleton 😨 HP[+2]
You regained 2 hp, and now have 24/64 hp.
There is a stone staircase leading up here. 😨 HP[+2]
You regained 2 hp, and now have 26/64 hp.
The very large slime creature hits you!!!
Ouch! That really hurt!
You die...

Skill      XL: |  1  2  3  4  5  6  7  8  9 10 11 12 |
---------------+-------------------------------------+-----
Fighting       | 3 4 5 6 7 8 |  8.0
Long Blades    | 3 4 5 6 7 9 10 | 10.3
Shields        | 1 2 3 5 6 7 |  7.2
Dodging        | 5 6 7 8 10 11 13 14 | 14.0
Stealth        | 2 3 5 6 |  6.0

Action                   |  1- 3 |  4- 6 |  7- 9 | 10-12 || total
-------------------------+-------+-------+-------+-------++-------
Melee: Falchion          |    84 |   142 |   450 |   420 ||  1096
       Morningstar       |       |       |       |    11 ||    11
       Scimitar          |       |       |       |     9 ||     9
 Fire: Hunting sling     |       |       |    65 |     2 ||    67
       Hand crossbow     |       |       |       |    79 ||    79
Invok: Berserk           |     6 |     7 |    16 |    13 ||    42
Evoke: Wand              |       |       |       |     5 ||     5
  Use: Scroll            |     8 |     2 |     5 |     9 ||    24
 Stab: Sleeping          |     1 |     1 |     3 |       ||     5
       Distracted        |       |       |       |     1 ||     1
Armor: Animal skin       |     8 |     8 |    20 |     6 ||    42
       Fire dragon scale |       |       |       |    75 ||    75
Dodge: Dodged            |    74 |   126 |   387 |   357 ||   944
Block: Buckler           |    21 |    29 |   139 |   159 ||   348
       Rpst.: Falchion   |    26 |    32 |    99 |    66 ||   223
       Scimitar          |       |       |       |     1 ||     1

Levels and vault maps discovered:
D:1:      psy_arrival_basics, layout_basic, serial_bayou, serial_bayou_lake_a,
          serial_bayou_shore_a, serial_bayou_ford_a, serial_bayou_pond_e,
          chequers_serial_rivers_small_3
D:2:      layout_loops_ring
D:3:      layout_loops_ring, uniq_robin
D:4:      layout_rooms, minmay_temple_entry_nine_rooms, glass_columns_a,
          corner_web_ring, eino_small_chamber_without_monster,
          minmay_door_square
D:5:      layout_loops_ring, nicolae_take_the_stairs, minmay_pentangle,
          uniq_menkaure
D:6:      layout_basic, gammafunk_ghost_gnarly_gnolls, minmay_starry_boxes,
          uniq_edmund
D:7:      layout_rooms
D:8:      layout_loops_ring
D:9:      dragon1_lemuel, layout_rooms, lemuel_doored_altar, dpeg_oklobed_lair,
          nicolae_specific_store, grunt_ministairs_6, hex_intersection,
          minmay_nine_imps
D:10:     layout_cave_pools, minmay_overflow_temple_hex, erik_orc_1,
          ebering_ghost_disaster_area
D:11:     layout_irregular_city, roderic_serpentine_path, kennysheep_slug_shrine
D:12:     layout_basic, grunt_gozag_statues
D:13:     minmay_spotlight, layout_loops_cross, kennysheep_treasure_room
D:14:     layout_roguey, skrybe_vaults_entry_preservation, special_room
          [special_room_bee], grunt_decor_mini_mirrors,
          minmay_misc_feat_pillars, tgw_lugonu_bribe, uniq_jorgrun, uniq_kirke,
          uniq_frances

Notes
Turn   | Place    | Note
-------+----------+-------------------------------------------
     0 | D:1      | Sobieck the Spriggan Berserker began the quest for the Orb.
     0 | D:1      | Reached XP level 1. HP: 11/11 MP: 2/2
     0 | D:1      | magus.rc [v1.9.6]
   354 | D:1      | You pick up a book of Changes {forbidden} and begin
                  | reading...
   354 | D:1      | You add the spells Beastly Appendage, Wereblood, Spider
                  | Form and Ice Form to your library.
   481 | D:1      | You pick up a book of Changes {forbidden} and begin
                  | reading...
   488 | D:1      | Reached XP level 2. HP: 13/16 MP: 3/3
  1192 | D:1      | Identified a scroll of acquirement
  1192 | D:1      | Acquired the +0 buckler of Risosec {rPois Regen+}
  1673 | D:3      | Noticed Robin
  1789 | D:2      | Reached ** piety under Trog
  1790 | D:2      | Reached XP level 3. HP: 19/19 MP: 4/4
  1920 | D:2      | HP: 2/28 [Robin/puff of flame (10)]
  1994 | D:2      | Killed Robin
  2379 | D:3      | You pick up a book of Clouds {forbidden} and begin
                  | reading...
  2379 | D:3      | You add the spells Poisonous Vapours, Mephitic Cloud,
                  | Conjure Flame and Freezing Cloud to your library.
  2622 | D:3      | Reached skill level 3 in Fighting
  2625 | D:3      | Reached XP level 4. HP: 24/24 MP: 5/5
  2628 | D:3      | Reached skill level 3 in Long Blades
  2628 | D:3      | Reached skill level 1 in Shields
  2686 | D:4      | Reached skill level 5 in Dodging
  2707 | D:5      | Entered Level 5 of the Dungeon
  2770 | D:3      | Reached XP level 5. HP: 28/28 MP: 6/6
  2930 | D:3      | Reached skill level 1 in Stealth
  3544 | D:4      | Reached skill level 2 in Stealth
  3544 | D:4      | Reached XP level 6. HP: 32/32 MP: 7/7
  3545 | D:4      | Reached *** piety under Trog
  3880 | D:4      | Reached skill level 3 in Stealth
  3880 | D:4      | Reached skill level 2 in Shields
  3894 | D:4      | Reached skill level 6 in Dodging
  4019 | D:4      | Found a staircase to the Ecumenical Temple.
  4387 | D:5      | Noticed a water moccasin
  4394 | D:5      | Killed a water moccasin
  4395 | D:5      | Reached XP level 7. HP: 37/37 MP: 8/8
  4556 | D:5      | Found Voiwnate's Armour Emporium.
  4680 | D:5      | Reached skill level 4 in Fighting
  4680 | D:5      | Reached skill level 4 in Long Blades
  4680 | D:5      | Reached skill level 4 in Stealth
  4795 | D:5      | Noticed Menkaure
  4894 | D:5      | Killed Menkaure
  4895 | D:5      | Reached skill level 7 in Dodging
  4895 | D:5      | Reached skill level 5 in Stealth
  4895 | D:5      | Reached XP level 8. HP: 40/42 MP: 9/9
  5142 | D:5      | Reached skill level 3 in Shields
  5398 | D:5      | Reached skill level 6 in Stealth
  5522 | D:5      | You pick up a book of Minor Magic {forbidden} and begin
                  | reading...
  5522 | D:5      | You add the spells Magic Dart, Blink, Call Imp and Slow to
                  | your library.
  5654 | D:6      | Identified the +1 ring mail "Raneqi" {*Corrode +Inv Dex+3}
  5949 | D:6      | Noticed Edmund
  5966 | D:6      | Killed Edmund
  5966 | D:6      | Reached **** piety under Trog
  5967 | D:6      | Reached skill level 5 in Fighting
  6101 | D:6      | Noticed leviel's ghost (amateur DrFi)
  6110 | D:6      | Reached skill level 8 in Dodging
  6148 | D:6      | Found a transporter.
  6278 | D:5      | Reached skill level 5 in Long Blades
  6370 | D:6      | Reached XP level 9. HP: 47/47 MP: 10/10
  6431 | D:6      | You pick up a book of Debilitation {forbidden} and begin
                  | reading...
  6431 | D:6      | You add the spells Corona, Inner Flame, Portal Projectile,
                  | Cause Fear and Leda's Liquefaction to your library.
  6551 | D:6      | Found a transporter.
  6737 | D:7      | Identified Sif Muna's Handbook of Supportive Feathers
  6738 | D:7      | You add the spells Summon Guardian Golem, Summon Mana Viper
                  | and Summon Forest to your library.
  6766 | D:7      | Reached skill level 4 in Shields
  7399 | D:8      | Noticed a two-headed ogre
  7402 | D:8      | Reached skill level 9 in Dodging
  7429 | D:8      | Killed a two-headed ogre
  7430 | D:8      | Reached skill level 6 in Fighting
  7430 | D:8      | Reached skill level 6 in Long Blades
  7809 | D:7      | Reached skill level 5 in Shields
  8108 | D:9      | Noticed a centaur warrior
  8298 | D:8      | Reached skill level 10 in Dodging
  8298 | D:8      | Reached XP level 10. HP: 53/53 MP: 11/11
  8412 | D:9      | HP: 8/53 [centaur warrior/arrow (22)]
  8571 | D:9      | Killed a centaur warrior
  8649 | D:9      | Found a burning altar of Makhleb.
  8751 | D:10     | Entered Level 10 of the Dungeon
  8751 | D:10     | Noticed a two-headed ogre
  8751 | D:10     | Noticed a centaur warrior
  8783 | D:9      | Killed a two-headed ogre
  8784 | D:9      | Reached skill level 7 in Fighting
  8814 | D:9      | Found a staircase to the Lair.
  8848 | D:9      | Reached ***** piety under Trog
  8849 | D:9      | Reached skill level 7 in Long Blades
  8917 | D:9      | Reached skill level 11 in Dodging
  8921 | D:9      | Found Rewkusuts's General Store.
  8923 | D:9      | Found Ocib's Specific Store.
  9139 | D:9      | Noticed a fire dragon
  9149 | D:9      | Reached skill level 6 in Shields
  9158 | D:9      | Killed a fire dragon
  9193 | D:9      | You pick up a book of Hexes {forbidden} and begin
                  | reading...
  9193 | D:9      | You add the spells Yara's Violent Unravelling, Silence and
                  | Discord to your library.
  9263 | D:9      | Noticed a two-headed ogre
  9271 | D:9      | Killed a two-headed ogre
  9272 | D:9      | Reached XP level 11. HP: 55/58 MP: 12/12
  9584 | D:10     | Killed a centaur warrior
  9701 | D:10     | Found a large runed translucent door.
  9701 | D:10     | Found a large runed translucent door.
  9703 | D:10     | Noticed robertstho's ghost (journeyman GnIE)
 10069 | D:10     | Found an ancient bone altar of Kikubaaqudgha.
 10069 | D:10     | Found a hide-covered altar of Uskayaw.
 10069 | D:10     | Found an iron altar of Okawaru.
 10069 | D:10     | Found a glowing golden altar of the Shining One.
 10076 | D:10     | Found a white marble altar of Elyvilon.
 10081 | D:10     | Found a broken altar of Ashenzari.
 10286 | D:10     | Received a gift from Trog
 10287 | D:10     | Reached skill level 12 in Dodging
 10299 | D:10     | Reached skill level 8 in Fighting
 10316 | D:10     | Found a staircase to the Orcish Mines.
 10352 | D:10     | Reached skill level 8 in Long Blades
 10611 | D:11     | Noticed a seven-headed hydra
 10743 | D:10     | HP: 16/90 [seven-headed hydra (11)]
 11047 | D:11     | Noticed a two-headed ogre
 11054 | D:11     | Killed a two-headed ogre
 11055 | D:11     | Reached skill level 7 in Shields
 11175 | D:11     | Noticed a six-headed hydra
 11191 | D:11     | Killed a six-headed hydra
 11413 | D:11     | Found a snail-covered altar of Cheibriados.
 11552 | D:12     | Found an opulent altar of Gozag.
 11711 | D:12     | Identified the -1 pair of boots of Zuf Suih {rN+ Dex+3}
 11726 | D:12     | Reached skill level 13 in Dodging
 12410 | D:12     | Noticed a seven-headed hydra
 12433 | D:12     | Killed a seven-headed hydra
 12434 | D:12     | Reached skill level 9 in Long Blades
 12434 | D:12     | Reached XP level 12. HP: 52/64 MP: 13/13
 12464 | D:12     | Identified a +0 crystal plate armour
 12465 | D:12     | z - a +0 crystal plate armour {rare=g}
 12518 | D:12     | You drop a +0 crystal plate armour {rare=g}.
 12748 | D:13     | Noticed a five-headed hydra
 12755 | D:13     | Noticed a centaur warrior
 12844 | D:12     | Killed a five-headed hydra
 12930 | D:12     | z - a +0 crystal plate armour {rare=g}
 12979 | D:14     | Noticed Frances
 12979 | D:14     | Noticed a tengu warrior
 12979 | D:14     | Noticed a centaur warrior
 12999 | D:13     | Killed Frances
 13000 | D:13     | Reached skill level 14 in Dodging
 13011 | D:13     | Killed a centaur warrior
 13012 | D:13     | Reached skill level 10 in Long Blades
 13112 | D:13     | HP: 14/96 [very large slime creature (41)]
 13123 | D:13     | Mangled by a very large slime creature

Vanquished Creatures
  Frances (D:13)
  A fire dragon (D:9)
  3 hydras
  3 centaur warriors
  4 two-headed ogres
  2 cyclopes (D:13)
  2 gargoyles
  An unseen horror (D:11)
  An efreet (D:12)
  2 komodo dragons
  4 trolls
  A hornet (D:9)
  2 slime creatures (D:13)
  2 shadows
  2 wraiths
  7 yaks
  A vampire (D:9)
  A wyvern (D:10)
  3 vampire mosquitoes
  Edmund (D:6)
  2 acid dragons
  Menkaure (D:5)
  A swamp drake (D:10)
  A water moccasin (D:5)
  A hornet zombie (D:8)
  6 orc warriors
  3 ice beasts
  An ogre (D:4)
  A black bear (D:5)
  2 necrophages
  5 centaurs
  A phantom (D:5)
  2 kobold brigands
  2 bullfrogs
  3 scorpions
  2 water moccasin skeletons
  6 killer bees
  7 crimson imps (D:9)
  3 centaur zombies
  4 howler monkeys
  A jelly (D:5)
  3 hounds
  8 orc priests
  3 iguanas (D:6)
  15 orc wizards
  A scorpion zombie (D:5)
  2 killer bee zombies
  A hound skeleton (D:4)
  Robin (D:2)
  A howler monkey skeleton (D:7)
  14 gnolls
  8 adders
  3 shadow imps
  A white imp (D:9)
  An adder skeleton (D:4)
  4 worms
  A dart slug (D:11)
  38 orcs
  5 ball pythons
  2 bats
  5 endoplasms
  9 goblins
  8 hobgoblins
  2 quokkas
  A frilled lizard (D:3)
  13 kobolds
  6 rats
255 creatures vanquished.

Vanquished Creatures (others)
  A fungus (D:9)
  9 plants
10 creatures vanquished.

Grand Total: 265 creatures vanquished

Table legend:
 A = Non-vault XP
 B = Vault XP
 C = Vault XP percentage of total XP
 D = Non-vault monster count
 E = Vault monster count
 F = Vault count percentage of total count
                 A         B        C        D         E       F
            +---------+---------+-------+---------+---------+-------
      Total |   22174 |    6641 |  23.0 |     197 |      58 |  22.7
            +---------+---------+-------+---------+---------+-------
        D:1 |      13 |       0 |   0.0 |       8 |       0 |   0.0
        D:2 |      17 |      29 |  63.0 |       8 |       8 |  50.0
        D:3 |     140 |       7 |   4.8 |      21 |       4 |  16.0
        D:4 |     459 |       0 |   0.0 |      21 |       0 |   0.0
        D:5 |     912 |     495 |  35.2 |      22 |       9 |  29.0
        D:6 |     367 |     496 |  57.5 |       6 |       5 |  45.5
        D:7 |     953 |       0 |   0.0 |      25 |       0 |   0.0
        D:8 |    2218 |     223 |   9.1 |      23 |       1 |   4.2
        D:9 |    3504 |    2335 |  40.0 |      25 |      11 |  30.6
       D:10 |    3201 |     593 |  15.6 |      15 |      17 |  53.1
       D:11 |    3910 |       4 |   0.1 |       8 |       1 |  11.1
       D:12 |    3448 |       0 |   0.0 |       6 |       0 |   0.0
       D:13 |    3032 |    2459 |  44.8 |       9 |       2 |  18.2
            +---------+---------+-------+---------+---------+-------

Illustrated notes

Table legend:
 A = Kills in this place as a percentage of kills in entire the game.
 B = Kills by you in this place as a percentage of kills by you in the entire game.
 C = Kills by friends in this place as a percentage of kills by friends in the entire game.
 D = Other kills in this place as a percentage of other kills in the entire game.
 E = Experience gained in this place as a percentage of experience gained in the entire game.
 F = Experience gained in this place divided by the number of levels of this place that you have seen.
                   A       B       C       D       E      F
               +-------+-------+-------+-------+-------+----------------------
         Total | 100.0 | 100.0 |   N/A |   N/A | 100.0 | 2058.2
       Dungeon | 100.0 | 100.0 |   N/A |   N/A | 100.0 | 2058.2
               +-------+-------+-------+-------+-------+----------------------

Table legend: (Time is in decaauts)
 A = Elapsed time spent in this place.
 B = Non-inter-level travel time spent in this place.
 C = Inter-level travel time spent in this place.
 D = Time resting spent in this place.
 E = Time spent auto-exploring this place.
 F = Levels seen in this place.
 G = Mean time per level.
                   A        B        C        D        E       F      G
               +--------+--------+--------+--------+--------+-----+--------+
         Total |  10018 |   9461 |    557 |   2034 |   4400 |  14 |  715.6 |
       Dungeon |  10018 |   9461 |    557 |   2034 |   4400 |  14 |  715.6 |
               +--------+--------+--------+--------+--------+-----+--------+

Top non-repeatable levels by time:
     D:5: 1209 daAuts
     D:2: 978 daAuts
     D:1: 953 daAuts
     D:9: 866 daAuts
    D:10: 846 daAuts
    D:12: 823 daAuts
     D:6: 721 daAuts
     D:7: 720 daAuts
     D:3: 687 daAuts
     D:8: 677 daAuts
     D:4: 670 daAuts
    D:11: 598 daAuts
    D:13: 264 daAuts
    D:14: 1 daAuts
